 Dungeon Crawl Stone Soup version 0.20.1-1-g8b1a95d (webtiles) character file.

44 Zedayar the Shield-Bearer (level 3, -2/29 HPs)
             Began as a Formicid Fighter on Aug 23, 2017.
             Killed by nerve-wracking pain
             ... invoked by Jessica
              (3 damage)
             ... on level 3 of the Dungeon.
             The game lasted 00:02:20 (332 turns).

Zedayar the Shield-Bearer (Formicid Fighter)         Turns: 332, Time: 00:02:21

Health: -2/29      AC:  6    Str: 21    XL:     3   Next: 85%
Magic:  3/3        EV:  7    Int:  7    God:
Gold:   16         SH:  8    Dex: 10    Spells: 2/2 levels left

rFire    . . .     SeeInvis +   g - +1 hand axe (drain)
rCold    . . .     Gourm    .   c - +0 shield
rNeg     . . .     Faith    .   b - +0 scale mail
rPois    .         Spirit   .   (helmet unavailable)
rElec    .         Reflect  .   (no cloak)
rCorr    .         Harm     .   (no gloves)
MR       .....                  (no boots)
Stlth    ..........             (no amulet)
Regen    0.1/turn               (no ring)
MPRegen  0.1/turn               (no ring)

@: very heavily drained
A: permanent stasis, dig shafts and tunnels, four strong arms, antennae 3
a: Dig, Shaft Self


You were on level 3 of the Dungeon.
You were not hungry.

You visited 1 branch of the dungeon, and saw 3 of its levels.

You collected 16 gold pieces.

Inventory:

Hand Weapons
 a - a +0 trident
 g - a +1 hand axe of draining (weapon)
Armour
 b - a +0 scale mail (worn)
 c - a +0 shield (worn)
 h - a +0 scale mail
Scrolls
 e - a scroll of remove curse {unknown}
Potions
 d - a potion of might
Comestibles
 f - a bread ration


   Skills:
 + Level 3.5(0.6) Fighting
 + Level 0.2(0.0) Axes
 + Level 2.6(0.0) Polearms
 + Level 3.7(0.7) Armour
 + Level 4.2(1.2) Shields


You had 2 spell levels left.
You didn't know any spells.

Dungeon Overview and Level Annotations

Branches:
Dungeon (3/15)

Altars:
Okawaru

Annotations:
D:3 Jessica


Innate Abilities, Weirdness & Mutations

You cannot be hasted, slowed, berserked, paralysed or teleported.
You can dig through walls and to a lower floor.
Your four strong arms can wield two-handed weapons with a shield.
You have a pair of large antennae on your head. (SInv)


Message History

The bullfrog barely misses you.
You closely miss the bullfrog. You block the bullfrog's attack.
Jessica casts a spell at you.
Your stasis prevents you from being slowed.
The bullfrog hits you.
* * * LOW HITPOINT WARNING * * *
Your shield and scale mail prevent you from hitting the bullfrog.
The bullfrog hits you but does no damage.
Jessica grins evilly.
You block the bullfrog's attack.
Your shield and scale mail prevent you from hitting the bullfrog.
You barely miss Jessica.
The bullfrog hits you but does no damage.
Jessica hits you but does no damage. The bullfrog barely misses you.
You hit the bullfrog. You drain the bullfrog!
The bullfrog is lightly wounded.
You closely miss Jessica. The bullfrog closely misses you.
Jessica points at you and mumbles some strange words.
Pain shoots through your body!
You die...

..........#
..........##
...........
..........#
..........#
..........#
......@...#
#...F@#.. #.#
###.#.#.#####.#.# ..
#.#.#........ #.
##.#......##.# #
#..†.#.#...#.#
#..#.#.# #.#.###
#..#.#.###.#.#<##.#
#..#.#............#
#####.##.#######...#


You could see a bullfrog and Jessica.

Vanquished Creatures
  Terence (D:3)
  An ooze (D:1)
  A leopard gecko (D:1)
  A giant cockroach (D:3)
  2 goblins
  2 quokkas
  2 bats
  A kobold (D:1)
  2 rats (D:2)
13 creatures vanquished.

Vanquished Creatures (others)
  A giant cockroach (D:2)
1 creature vanquished.

Grand Total: 14 creatures vanquished

Notes
Turn   | Place    | Note
-------+----------+-------------------------------------------
     0 | D:1      | Zedayar the Formicid Fighter began the quest for the Orb.
     0 | D:1      | Reached XP level 1. HP: 18/18 MP: 1/1
    28 | D:1      | Reached XP level 2. HP: 22/24 MP: 2/2
   240 | D:3      | Found an iron altar of Okawaru.
   244 | D:3      | Noticed Terence
   273 | D:3      | Killed Terence
   273 | D:3      | Reached skill level 4 in Shields
   273 | D:3      | Reached XP level 3. HP: 14/29 MP: 3/3
   321 | D:3      | Noticed a bullfrog
   326 | D:3      | Noticed Jessica
   329 | D:3      | HP: 1/29 [bullfrog (3)]
   332 | D:3      | Killed from afar by Jessica

Skill      XL: |  1  2 |
---------------+-------+-----
Shields        | 4 |  4.2
Fighting       | |  3.5
Axes           | |  0.2
Polearms       | |  2.6
Armour         | |  3.7

Action                   || total
-------------------------++-------
Melee: Trident           ||    60
       Hand axe          ||    14
Armor: Scale mail        ||    26
Dodge: Dodged            ||    34
Block: Shield            ||    52
